 Dungeon Crawl Stone Soup version 0.30-a0-840-ga523dec638 (webtiles) character file.

Game seed: 14137637345964672850

184 Rocko1345 the Conjurer (level 5, -1/55 HPs)
             Began as a Human Conjurer on Mar 1, 2023.
             Was an Initiate of Vehumet.
             Slain by Sigmund
             ... wielding a +0 scythe
              (9 damage)
             ... on level 4 of the Dungeon.
             The game lasted 00:13:58 (3511 turns).

Rocko1345 the Conjurer (Human Conjurer)             Turns: 3511, Time: 00:13:59

Health: -1/55      AC: 22    Str:  6 (8)  XL:     5   Next: 95%
Magic:  9/9        EV:  2    Int: 17 (20) God:    Vehumet [......]
Gold:   144        SH:  0    Dex:  8 (11) Spells: 0/10 levels left

rFire   . . .      SeeInvis .    m - +0 spear (chaos)
rCold   . . .      Faith    .    (no shield)
rNeg    . . .      Spirit   .    (body armour currently unavailable)
rPois   +          Reflect  .    (helmet currently unavailable)
rElec   .          Harm     .    (cloak currently unavailable)
rCorr   .          Rampage  .    (gloves currently unavailable)
Will    .....      NoTele   +    (boots currently unavailable)
Stlth   +                        (no amulet)
HPRegen 0.29/turn                (no ring)
MPRegen 0.11/turn                (no ring)

@: confused, brilliant, tree-form
A: stationary, stasis, torment immunity, boosted hp
a: Renounce Religion


You were on level 4 of the Dungeon.
You worshipped Vehumet.
Vehumet was noncommittal.
You were a tree.
You visited 1 branch of the dungeon, and saw 4 of its levels.

You collected 144 gold pieces.

Inventory:

Hand Weapons
 g - a +0 short sword
 j - a +0 sling
 m - a +0 spear of chaos (weapon)
Missiles
 i - 17 stones
 k - 2 throwing nets
 l - 10 poisoned darts
 t - 2 curare-tipped darts
Armour
 a - a +0 robe (melded)
 e - a +1 hat (melded)
Jewellery
 p - an amulet of regeneration
Scrolls
 c - 2 scrolls of enchant weapon {unknown}
 o - 4 scrolls of identify {unknown}
 r - a scroll of enchant armour {unknown}
Potions
 d - a potion of degeneration
 f - a potion of invisibility {unknown}
 h - 2 potions of brilliance
 n - a potion of lignification
 s - a potion of attraction {unknown}


   Skills:
 + Level 1.3 Fighting
 + Level 2.2 Dodging
 * Level 2.4 Stealth
 + Level 0.3 Unarmed Combat
 * Level 3.3 Spellcasting
 * Level 5.3 Conjurations
 + Level 0.1 Hexes


You couldn't memorise any spells.
You knew the following spells:

 Your Spells              Type           Power      Damage    Failure   Level
a - Magic Dart            Conj           100%       1d8       1%          1
b - Dazzling Flash        Conj/Hex       36%        N/A       17%         3
c - Searing Ray           Conj           62%        2d6       2%          2
d - Fulminant Prism       Conj/Hex       9%         3d7       50%         4

Your spell library contained the following spells:

 Spells                   Type           Power      Damage    Failure   Level
 Iskenderun's Mystic Bla  Conj/Tloc      17%        2d5       50%         4
 Summon Forest            Summ/Tloc      2%         N/A       99%         5
 Eringya's Noxious Bog    Tmut/Pois      2%         N/A       100%        6
 Summon Hydra             Summ           2%         N/A       100%        7


Dungeon Overview and Level Annotations

Branches:
Dungeon (4/15)
 Temple: D:4-7

Altars:
Ashenzari
Cheibriados
Dithmenos
Fedhas
Gozag
Makhleb
Nemelex Xobeh
Okawaru
Sif Muna
Vehumet
Wu Jian
Xom

Annotations:
D:4 Menkaure, Sigmund


Message History

Sigmund hits you from afar with a +0 scythe!
Sigmund points at you and mumbles some strange words.
You are confused.
Your magical contamination has completely faded away.
Sigmund hits you from afar with a +0 scythe!
* * * LOW HITPOINT WARNING * * *
It was a potion of brilliance.
You feel clever all of a sudden. Sigmund gestures at you while chanting.
You are more confused.
Sigmund barely misses you.
It was a potion of lignification.
You turn into a tree.
Your +1 hat melds into your body.
Your +0 robe melds into your body.
Your roots penetrate the ground.
Sigmund hits you but does no damage.
It was a potion of degeneration.
There was something very wrong with that liquid.
You feel weakened.
You feel dopey.
You feel clumsy. Sigmund barely misses you.
It was a potion of curing.
You feel better. Sigmund hits you but does no damage.
Aiming: Magic Dart (safe; 1% risk of failure)
Press: ? - help, Q - select action, (/) - cycle Shift-Dir - straight line, f/p - Sigmund
Aim: Sigmund, wielding a +0 scythe and wearing a +0 robe (fast, 100% to hit)
You feel a surge of power!
The magic dart hits Sigmund.
Sigmund is lightly wounded.
Sigmund points at you and mumbles some strange words.
You are confused.
You're too confused to cast spells.
Okay, then.
Magic courses through your body.
Sigmund hits you from afar with a +0 scythe.
You're too confused to cast spells.
Okay, then.
You're too confused to cast spells.
You attack the rock wall.
Sigmund gestures at you while chanting. The magic dart hits you!
* * * LOW HITPOINT WARNING * * *
Sigmund hits you from afar with a +0 scythe!
You die...

#.##.#..####.##
##..._...
#.##..........##
##.....#
#.####..##.....#
#######
#.####..##....## ##
#
#.......##.#.###....
# ######...........#
#######.##### #.#
#♣# #.# #@# #.#
####.#### #.......#
# ###.##.....##.###
...! #...........
#..##.....##.###


You could see Sigmund (fast).

Vanquished Creatures
  An iguana (D:4)
  Natasha (twice) (D:3)
  An adder (D:2)
  A worm (D:2)
  5 dart slugs
  3 orcs (D:3)
  6 ball pythons
  5 endoplasms
  2 giant cockroaches
  7 goblins
  6 hobgoblins
  2 jackals (D:1)
  3 quokkas
  3 bats
  3 frilled lizards
  4 kobolds
  4 rats
58 creatures vanquished.

Vanquished Creatures (collateral kills)
  Natasha (D:3)
1 creature vanquished.

Grand Total: 59 creatures vanquished

Notes
Turn   | Place    | Note
-------+----------+-------------------------------------------
     0 | D:1      | Rocko1345 the Human Conjurer began the quest for the Orb.
     0 | D:1      | Reached XP level 1. HP: 13/13 MP: 3/3
   152 | D:1      | Reached XP level 2. HP: 10/19 MP: 0/5
   641 | D:1      | Reached XP level 3. HP: 24/24 MP: 4/6
   705 | D:1      | Learned a level 3 spell: Dazzling Flash
  1413 | D:2      | Reached XP level 4. HP: 28/30 MP: 2/7
  2102 | D:2      | Learned a level 2 spell: Searing Ray
  2199 | D:3      | Reached skill level 5 in Conjurations
  2258 | D:3      | Found a snail-covered altar of Cheibriados.
  2544 | D:3      | Found a broken altar of Ashenzari.
  2585 | D:3      | Noticed Natasha
  2591 | D:3      | Killed Natasha
  2592 | D:3      | Reached skill level 1 in Fighting
  2592 | D:3      | Reached XP level 5. HP: 37/37 MP: 4/8
  2597 | D:3      | Noticed Natasha
  2606 | D:3      | Killed Natasha
  2653 | D:3      | You fall into a shaft and drop 1 floor!
  2653 | D:4      | Found an ornate altar of the Wu Jian Council.
  2898 | D:4      | Found a blossoming altar of Fedhas.
  2899 | D:4      | Found a radiant altar of Vehumet.
  2903 | D:4      | Found a shimmering altar of Xom.
  2907 | D:4      | Found a shadowy altar of Dithmenos.
  2912 | D:4      | Found a sparkling altar of Nemelex Xobeh.
  2913 | D:4      | Became a worshipper of Vehumet
  2917 | D:4      | Found an iron altar of Okawaru.
  2985 | D:4      | Found a shimmering blue altar of Sif Muna.
  2987 | D:4      | Found an opulent altar of Gozag.
  2990 | D:4      | Found a burning altar of Makhleb.
  3018 | D:4      | Noticed a steam dragon
  3032 | D:3      | Noticed Natasha
  3040 | D:3      | Killed Natasha
  3356 | D:4      | Noticed Menkaure
  3466 | D:4      | Learned a level 4 spell: Fulminant Prism
  3481 | D:4      | Noticed Sigmund
  3511 | D:4      | Slain by Sigmund

Illustrated notes

Levels and vault maps discovered:
D:1:      minmay_arrival_stone_box, layout_loops_ring, minmay_cupped
D:2:      layout_loops_ring, nicolae_eternal_life, st_stairs_13
D:3:      layout_basic, cheibrodos_ashenzari_chains, kennysheep_slug_shrine,
          uniq_natasha
D:4:      layout_loops_corners, old_standard_altar,
          nicolae_overflow_hallway_of_the_gods, chequers_serial_rivers_marsh,
          uniq_sigmund, uniq_menkaure

Skill      XL: |  1  2  3  4  5 |
---------------+----------------+-----
Conjurations   | 5 |  5.3
Fighting       | 1 |  1.3
Spellcasting   | 3 |  3.3
Dodging        | |  2.2
Stealth        | |  2.4
Unarmed Combat | |  0.3
Hexes          | |  0.1

Action                     |  1- 3 |  4- 6 || total
---------------------------+-------+-------++-------
  Melee: Unarmed           |    15 |       ||    15
         Short sword       |    15 |       ||    15
         Spear             |     5 |    41 ||    46
   Cast: Magic Dart        |    59 |    54 ||   113
         Dazzling Flash    |     2 |       ||     2
         Searing Ray       |       |     1 ||     1
    Use: Scroll            |     2 |       ||     2
         Potion            |       |     5 ||     5
   Stab: Distracted        |       |     1 ||     1
 Armour: Robe              |     7 |     5 ||    12
         Skin              |       |     2 ||     2
  Dodge: Dodged            |    21 |    35 ||    56

Table legend: (Time is in decaauts)
 A = Elapsed time spent in this place.
 B = Non-inter-level travel time spent in this place.
 C = Inter-level travel time spent in this place.
 D = Time resting spent in this place.
 E = Time spent auto-exploring this place.
 F = Levels seen in this place.
 G = Mean time per level.
                   A        B        C        D        E       F      G
               +--------+--------+--------+--------+--------+-----+--------+
         Total |   3517 |   3463 |     54 |    750 |   1939 |   4 |  879.2 |
       Dungeon |   3517 |   3463 |     54 |    750 |   1939 |   4 |  879.2 |
               +--------+--------+--------+--------+--------+-----+--------+

Top non-repeatable levels by time:
     D:1: 1171 daAuts
     D:2: 941 daAuts
     D:3: 863 daAuts
     D:4: 540 daAuts
